 Dungeon Crawl Stone Soup version 0.16-a0-4133-g472b14a (webtiles) character file.

112 Psiweapon the Chucker (level 4, -1/44 HPs)
             Began as an Ogre Hunter on Mar 3, 2015.
             Slain by Grinder (5 damage)
             ... on level 3 of the Dungeon.
             The game lasted 00:11:13 (2552 turns).

Psiweapon the Chucker (Ogre Hunter)                 Turns: 2552, Time: 00:11:14

Health: -1/44      AC:  3    Str: 17    XL:     4   Next: 95%
Magic:  4/4        EV: 10    Int: 10    God:
Gold:   112        SH:  0    Dex: 11    Spells: 0 memorised, 3 levels left

rFire  + . .     SeeInvis .     y - +0 flail
rCold  . . .     Clarity  .     d - +0 animal skin
rNeg   . . .     SustAb   +     (shield restricted)
rPois  .         Gourm    .     (helmet restricted)
rElec  .         Spirit   .     (no cloak)
rCorr  .         Warding  .     (gloves unavailable)
rMut   .         Stasis   .     (boots unavailable)
MR     .....                    (no amulet)
Stlth  +.........               b - ring of sustain abilities
                                k - ring of protection from fire

@: not resistant to hostile enchantments, very unstealthy
A: unfitting armour, tough skin 1
a: no special abilities


You were on level 3 of the Dungeon.
You were not hungry.

You visited 1 branch of the dungeon, and saw 3 of its levels.

You collected 112 gold pieces.

Inventory:

Hand weapons
 a - a +0 short sword
 g - a +0 club
 h - a +0 mace
 o - a +0 short sword of electrocution
 y - a +0 flail (weapon)
 z - a +0 short sword of venom
Missiles
 c - 2 throwing nets (quivered)
 e - 44 stones
 x - 2 tomahawks
Armour
 d - a +0 animal skin (worn)
Jewellery
 b - a ring of sustain abilities (right hand)
 i - an uncursed ring of teleportation
 k - a ring of protection from fire (left hand)
 r - an uncursed ring of loudness
Magical devices
 w - a wand of random effects (27)
 B - a wand of digging (0)
Scrolls
 j - a scroll of teleportation {unknown}
 l - a scroll of enchant weapon {unknown}
 p - 4 scrolls of remove curse
 s - a scroll of blinking {unknown}
 v - a scroll of immolation {unknown}
Potions
 q - a potion of heal wounds {unknown}
 u - a potion of restore abilities {unknown}
Miscellaneous
 t - a plain deck of changes
Comestibles
 f - 3 meat rations
 m - 2 beef jerkies
 n - 4 bread rations
 C - 10 chunks of flesh


   Skills:
 - Level 2.6 Fighting
 + Level 3.9 Maces & Flails
 - Level 4.4 Throwing
 + Level 3.3 Dodging
 - Level 0.7 Stealth


You had 3 spell levels left.
You didn't know any spells.

Dungeon Overview and Level Annotations

Branches:
Dungeon (3/15)

Altars:
Nemelex Xobeh
Sif Muna
Vehumet
Zin

Annotations:
D:3 Grinder


Innate Abilities, Weirdness & Mutations

You are too large for most types of armour.
You have tough skin (AC +1).


Message History

You throw a large rock. The large rock hits Grinder.
Grinder is heavily wounded.
Grinder hits you!
* * * LOW HITPOINT WARNING * * *
You writhe in agony.
* * * LOW HITPOINT WARNING * * *
Unknown command.
Throwing (i - inventory. (,) - cycle):
A - 2 large rocks (quivered)
Press: ? - help, Shift-Dir - straight line, f/p - Grinder
Aim: Grinder (moderately wounded)
You throw a large rock. The large rock hits Grinder!
Grinder is severely wounded.
Grinder hits you.
* * * LOW HITPOINT WARNING * * *
Throwing (i - inventory. (,) - cycle):
A - a large rock (quivered)
Press: ? - help, Shift-Dir - straight line, f/p - Grinder
Aim: Grinder (severely wounded)
You throw a large rock. The large rock closely misses Grinder.
Grinder hits you.
You die...

##.#.##... .
####.###.#.####...
#......##..........
#####.##.#......#####.
##.........#.##..#...#
#...##.#..#.###..'.⌠.+
.#..##.#..### #..#...#
##..#..#..#
#..#####..#
....#.##._#
##@.......# #...#.
..##..(5.######.#
....... . #.....#
......# #.......#
..##.. #.#.....# #.# .
#.....# .# ####### #


You could see Grinder.

Vanquished Creatures
  Jessica (D:2)
  Robin (D:3)
  An adder (D:2)
  A giant mite (D:3)
  A giant gecko (D:1)
  An ooze (D:2)
  4 orcs
  5 bats
  A giant cockroach (D:1)
  17 goblins
  7 hobgoblins
  9 jackals
  4 kobolds
  A ball python (D:2)
  A giant newt (D:1)
  6 rats
61 creatures vanquished.

Notes
Turn   | Place    | Note
--------------------------------------------------------------
     0 | D:1      | Psiweapon, the Ogre Hunter, began the quest for the Orb.
     0 | D:1      | Reached XP level 1. HP: 22/22 MP: 1/1
   324 | D:1      | Reached skill level 1 in Maces & Flails
   352 | D:1      | Reached XP level 2. HP: 29/29 MP: 2/2
  1147 | D:1      | Reached XP level 3. HP: 32/36 MP: 3/3
  1623 | D:2      | Found a radiant altar of Vehumet.
  1806 | D:2      | Found a sparkling altar of Nemelex Xobeh.
  1953 | D:2      | Noticed Jessica
  1958 | D:2      | Killed Jessica
  1958 | D:2      | Reached XP level 4. HP: 44/44 MP: 4/4
  2072 | D:3      | Noticed Robin
  2240 | D:3      | Killed Robin
  2454 | D:3      | Found a deep blue altar of Sif Muna.
  2528 | D:3      | Found a glowing silver altar of Zin.
  2543 | D:3      | Noticed Grinder
  2552 | D:3      | Slain by Grinder

Action                   |  1- 3 |  4- 6 || total
-------------------------+-------+-------++-------
Melee: Club              |    63 |       ||    63
       Short sword       |     3 |       ||     3
       Mace              |    35 |    11 ||    46
       Flail             |       |    38 ||    38
Throw: Stone             |    79 |    26 ||   105
       Large rock        |     5 |     9 ||    14
Evoke: Wand              |       |     2 ||     2
  Use: Scroll            |     2 |       ||     2
  Eat: Chunk             |     3 |     2 ||     5
